 Dungeon Crawl Stone Soup version 0.26.1-11-gd32895ea62 (webtiles) character file.

Game seed: 5885114086769253561

69 pascalblue the Magician (level 4, -5/24 HPs)
             Began as a Deep Elf Earth Elementalist on May 28, 2021.
             Slain by a worm (7 damage)
             ... on level 2 of the Dungeon.
             The game lasted 00:05:21 (2565 turns).

pascalblue the Magician (DEEE)                      Turns: 2565, Time: 00:05:22

Health: -5/24      AC:  2    Str:  5    XL:     4   Next: 2%
Magic:  12/12      EV: 13    Int: 21    God:
Gold:   45         SH:  0    Dex: 15    Spells: 8/12 levels left

rFire    . . .     SeeInvis .   f - +0 mace (curse)
rCold    . . .     Faith    .   (no shield)
rNeg     . . .     Spirit   .   h - +0 robe (curse)
rPois    .         Reflect  .   (no helmet)
rElec    .         Harm     .   (no cloak)
rCorr    .         Rampage  .   (no gloves)
Will     .....                  (no boots)
Stlth    ++........             (no amulet)
HPRegen  0.08/turn              (no ring)
MPRegen  0.13/turn              (no ring)

@: no status effects
A: no striking features
a: no special abilities


You were on level 2 of the Dungeon.
You visited 1 branch of the dungeon, and saw 2 of its levels.

You collected 45 gold pieces.

Inventory:

Hand Weapons
 a - a +0 dagger
 f - a cursed +0 mace (weapon)
Missiles
 b - 72 stones
 g - 22 bolts
 j - 6 datura-tipped darts
 l - 14 poisoned darts
Armour
 c - a +0 robe
 h - a cursed +0 robe (worn)
Scrolls
 k - a scroll of immolation {unknown}


   Skills:
 - Level 2.4 Dodging
 - Level 2.4 Stealth
 * Level 4.7 Spellcasting
 - Level 1.1 Transmutations
 * Level 4.4 Earth Magic


You had 8 spell levels left.
You knew the following spells:

 Your Spells              Type           Power        Failure   Level
a - Sandblast             Erth           46%          1%          1
b - Stone Arrow           Conj/Erth      28%          14%         3

Your spell library contained the following spells:

 Spells                   Type           Power        Failure   Level
 Passwall                 Tmut/Erth      13%          5%          2
 Petrify                  Tmut/Erth      16%          34%         4
 Lee's Rapid Deconstruct  Erth           11%          45%         5


Dungeon Overview and Level Annotations

Branches:
Dungeon (2/15)

Altars:
Ashenzari


Message History

The worm bites you.
You hit the worm but do no damage.
The worm is heavily wounded.
The worm bites you!
You barely miss the worm.
The worm is heavily wounded.
The worm bites you.
You hit the worm but do no damage.
The worm is heavily wounded.
The worm barely misses you.
You hit the worm.
The worm is heavily wounded.
The worm bites you!
* * * LOW HITPOINT WARNING * * *
You completely miss the worm.
The worm is moderately wounded.
You hit the worm but do no damage.
The worm is moderately wounded.
The worm bites you!
You die...

...
..####.#######
.... ... #.#
#.# #.# #.#
### ## #.# #.#
.. .###.# #.#
#.#...#.# #.#
#.w##.#.# #.#
#@##.#.# #.#
#.##.#.# #.#
#.##.#.# #.#
#......# #.#
###.######.#
#.### #..#
#...# #.##
###.# #.# #.#
#.#


You could see a worm.

Vanquished Creatures
  An adder (D:2)
  An ooze (D:1)
  2 worms (D:2)
  A dart slug (D:1)
  A leopard gecko (D:1)
  A ball python (D:1)
  2 giant cockroaches (D:1)
  8 goblins (D:1)
  2 hobgoblins (D:1)
  4 jackals (D:1)
  7 kobolds
  A quokka (D:2)
  7 bats
  2 frilled lizards (D:1)
  4 rats
44 creatures vanquished.

Notes
Turn   | Place    | Note
-------+----------+-------------------------------------------
     0 | D:1      | pascalblue the Deep Elf Earth Elementalist began the quest
                  | for the Orb.
     0 | D:1      | Reached XP level 1. HP: 10/10 MP: 6/6
   121 | D:1      | Reached XP level 2. HP: 12/15 MP: 0/8
   238 | D:1      | Found a broken altar of Ashenzari.
   687 | D:1      | Reached XP level 3. HP: 1/19 MP: 7/10
   976 | D:1      | Learned a level 3 spell: Stone Arrow
  2268 | D:2      | Reached XP level 4. HP: 3/24 MP: 10/12
  2565 | D:2      | Slain by a worm

Illustrated notes

Levels and vault maps discovered:
D:1:      kilobyte_arrival_exit_the_forest, layout_loops_corners, st_stairs_6,
          serial_bayou_pond_b, evilmike_ruin_ashenzari
D:2:      layout_rooms, overflow_temple_1_default, chequers_hall_statues_wall_a

Skill      XL: |  1  2 |
---------------+-------+-----
Spellcasting   | 4 |  4.7
Earth Magic    | 4 |  4.4
Dodging        | |  2.4
Stealth        | |  2.4
Transmutations | |  1.1

Action                   |  1- 3 |  4- 6 || total
-------------------------+-------+-------++-------
Melee: Dagger            |    16 |       ||    16
       Mace              |    82 |    23 ||   105
       Unarmed           |     1 |       ||     1
 Cast: Sandblast         |    24 |       ||    24
  Use: Potion            |       |     3 ||     3
 Stab: Sleeping          |     7 |       ||     7
Armor: Robe              |    30 |     1 ||    31
Dodge: Dodged            |   108 |    12 ||   120
